Map: Beckett Industries LE

Players

Player 2 - Winner!

  • Race: Terran Terran

TLHarstem (Harstem)

  • Race: Protoss Protoss
  • League: Master

VOD

Have the link to the VOD?

Description

Time

  • Played on: April 12, 2021, 3:25 a.m.
  • Length: 4:49
Show
View Real Time Build Order
Export as new Build Order

Player 2 Terran - Winner!

Build Orders:  

Get SALT Encoding   

  12  0:00  SCV  
  13  0:13  SCV  
  14  0:18  Supply Depot  
  14  0:36  Refinery  
  14  0:42  Barracks  
  14  1:05  Supply Depot  
  14  1:13  Refinery  
  14  1:30  Marine, Orbital Command  
  15  1:56  SCV  
  16  2:08  SCV  
  17  2:16  Marine  
  17  2:20  SCV  
  19  2:32  SCV  
  19  2:35  Barracks Tech Lab  
  20  2:44  SCV  
  21  2:56  SCV  
  22  3:03  Marauder  
Show
View Real Time Build Order
Export as new Build Order

TLHarstem Protoss 

Build Orders: 1 Gate Expand 

Get SALT Encoding   

  12  0:02  Probe  
  13  0:15  Probe  
  13  0:18  Pylon  
  14  0:27  Probe (Chrono Boost)  
  15  0:36  Gateway  
  15  0:39  Probe (Chrono Boost)  
  16  0:45  Assimilator  
  16  0:48  Probe (Chrono Boost)  
  17  0:54  Probe  
  18  1:06  Probe  
  19  1:19  Probe  
  19  1:24  Cybernetics Core  
  20  1:34  Nexus  
  20  1:41  Pylon  
  20  1:44  Probe  
  21  1:51  Assimilator  
  21  1:56  Probe  
  21  1:58  Adept (Chrono Boost)  
  24  2:02  Warp Gate  
  24  2:08  Probe  
  25  2:20  Probe, Stalker  
  28  2:31  Twilight Council  
  28  2:33  Probe  
  29  2:47  Probe (Chrono Boost)  
  29  2:50  Probe (Chrono Boost)  
  31  2:54  Gateway  
  31  2:56  Probe (Chrono Boost)  
  33  2:59  Probe (Chrono Boost)  
  33  3:01  Probe (Chrono Boost)  
  34  3:06  Robotics Facility  
  34  3:09  Probe  
  35  3:13  Probe  
  36  3:21  Probe  
  36  3:24  Pylon  
  36  3:25  Probe  
  38  3:33  Probe  
  39  3:37  Probe  
  40  3:45  Pylon, Probe  
  41  3:49  Probe  
  41  3:51  Assimilator  
  41  3:52  Assimilator, Stalker  
  41  3:54  Observer  
  41  3:55  Stalker  
  47  3:57  Probe  
  47  4:02  Probe  
  49  4:09  Probe  
  50  4:14  Probe  
  51  4:21  Probe  
  51  4:22  Robotics Bay  
  52  4:24  Nexus  
  52  4:26  Probe  
  52  4:30  Stalker  
  55  4:34  Probe  
  55  4:35  Stalker  
  59  4:40  Pylon  
Tags
 
Add a new tag
Caveats
  • Supply blocks, unpowered buildings, or Contaminate may cause inaccurate times.
  • Supply counts are checked every 10 seconds.